 Dungeon Crawl Stone Soup version 0.22.1-1-ga44c0e5 (webtiles) character file.

239 bnggit the Shield-Bearer (level 5, -3/47 HPs)
             Began as a Troll Fighter on Sept 22, 2018.
             Was an Initiate of Hepliaklqana.
             Slain by a gnoll
             ... wielding a cursed -1 halberd
              (7 damage)
             ... on level 3 of the Dungeon.
             The game lasted 00:20:52 (2527 turns).

bnggit the Shield-Bearer (Troll Fighter)            Turns: 2527, Time: 00:20:53

Health: -3/47      AC:  5    Str: 25    XL:     5   Next: 79%
Magic:  4/4        EV:  8    Int:  4    God:    Hepliaklqana [......]
Gold:   78         SH:  9    Dex:  9    Spells: 4/4 levels left

rFire    . . .     SeeInvis .   a - +0 war axe
rCold    . . .     Gourm    +   c - +0 shield
rNeg     . . .     Faith    .   b - +0 robe
rPois    .         Spirit   .   (helmet restricted)
rElec    .         Reflect  .   (no cloak)
rCorr    .         Harm     .   (gloves unavailable)
MR       .....                  (boots unavailable)
Stlth    +.........             (no amulet)
HPRegen  0.55/turn              (no ring)
MPRegen  0.09/turn              (no ring)

@: no status effects
A: large, unfitting armour, reduced essence, claws 3, fast metabolism 3,
gourmand, regeneration 1, shaggy fur 1, tough skin 2
a: Recall Ancestor, Ancestor Identity, Renounce Religion


You were on level 3 of the Dungeon.
You worshipped Hepliaklqana.
Hepliaklqana was noncommittal.
You were not hungry.

You visited 1 branch of the dungeon, and saw 3 of its levels.

You collected 78 gold pieces.

Inventory:

Hand Weapons
 a - a +0 war axe (weapon)
 u - a +0 quarterstaff
Missiles
 h - 25 arrows
 k - 3 tomahawks (quivered)
Armour
 b - a +0 robe (worn)
 c - a +0 shield (worn)
 i - a +0 ring mail
 w - a +0 chain mail
Scrolls
 d - a scroll of immolation
 g - a scroll of teleportation {unknown}
 j - a scroll of enchant armour {unknown}
 n - 2 scrolls of identify
 r - a scroll of magic mapping
 s - a scroll of fog {unknown}
 E - a scroll of blinking {unknown}
Potions
 A - a potion of haste {unknown}
 C - a potion of lignification {unknown}
 D - a potion of berserk rage {unknown}
Comestibles
 f - 9 rations


   Skills:
 + Level 3.2 Fighting
 + Level 3.2 Axes
 + Level 0.4 Throwing
 + Level 3.2 Dodging
 + Level 0.1 Stealth
 + Level 3.2 Shields


You had 4 spell levels left.
You didn't know any spells.
Your spell library was empty.

Dungeon Overview and Level Annotations

Branches:
Dungeon (3/15)

Altars:
Dithmenos
Hepliaklqana
Makhleb
Wu Jian


Innate Abilities, Weirdness & Mutations

You are too large for most types of armour.
You have claws for hands.
Your metabolism is lightning-fast.
You like to eat raw meat.
Your natural rate of healing is unusually fast.
You are covered in fur. (AC +1)
You have very tough skin. (AC +2)
Your life essence is reduced to manifest your ancestor. (-10% HP)


Message History

You throw a tomahawk. The tomahawk closely misses the gnoll.
The gnoll hits you from afar with a spear.
The gnoll barely misses you.
The gnoll hits you from afar with a spear!
* * * LOW HITPOINT WARNING * * *
Friðuswiþ misses the gnoll.
You block the gnoll's attack.
Friðuswiþ closely misses the gnoll.
The gnoll barely misses you. The gnoll hits you with a spear.
* * * LOW HITPOINT WARNING * * *
Things that are here:
a whip; a leather armour You slash the gnoll!
You kill the gnoll!
You hit the gnoll.
The gnoll hits you with an enchanted halberd!
* * * LOW HITPOINT WARNING * * *
It was a potion of magic.
Magic courses through your body.
Friðuswiþ barely misses the gnoll.
The gnoll hits you with an enchanted halberd!
You die...

##########
#........#
#.######.#
###.# #.#
....#
#.##########
#####
#.##.!......
#.#...g)#
#.....R@#
###....?#
##...##
#####


You could see the friendly Friðuswiþ the ancestor and a gnoll.

Vanquished Creatures
  A hound (D:2)
  A worker ant (D:3)
  Natasha (D:3)
  3 adders
  2 gnolls (D:3)
  A dart slug (D:1)
  2 leopard geckos
  3 orcs (D:3)
  8 bats
  6 giant cockroaches
  10 goblins
  8 hobgoblins
  3 kobolds (D:1)
  3 quokkas
  6 frilled lizards
  7 rats
65 creatures vanquished.

Vanquished Creatures (collateral kills)
  A gnoll shaman (D:3)
  An ooze (D:3)
  A worm (D:3)
  A goblin (D:3)
  A jackal (D:3)
5 creatures vanquished.

Grand Total: 70 creatures vanquished

Notes
Turn   | Place    | Note
-------+----------+-------------------------------------------
     0 | D:1      | bnggit the Troll Fighter began the quest for the Orb.
     0 | D:1      | Reached XP level 1. HP: 22/22 MP: 0/0
    99 | D:1      | Reached XP level 2. HP: 27/29 MP: 1/1
   644 | D:1      | Reached XP level 3. HP: 36/36 MP: 2/2
  1191 | D:2      | Reached XP level 4. HP: 45/45 MP: 3/3
  1325 | D:2      | Found a burning altar of Makhleb.
  1357 | D:2      | Found a hazy altar of Hepliaklqana.
  1357 | D:2      | Found an ornate altar of the Wu Jian Council.
  1357 | D:2      | Found a shadowy altar of Dithmenos.
  1391 | D:2      | Became a worshipper of Hepliaklqana the Forgotten
  1611 | D:3      | Reached XP level 5. HP: 47/47 MP: 4/4
  2146 | D:3      | Noticed Natasha
  2163 | D:3      | Killed Natasha
  2527 | D:3      | Slain by a gnoll

Skill      XL: |  1  2  3  4  5 |
---------------+----------------+-----
Dodging        | 3 |  3.2
Axes           | 2 3 |  3.2
Fighting       | 3 |  3.2
Shields        | 3 |  3.2
Throwing       | |  0.4
Stealth        | |  0.1

Action                   |  1- 3 |  4- 6 || total
-------------------------+-------+-------++-------
Melee: War axe           |   119 |    73 ||   192
Throw: Tomahawk          |    24 |     9 ||    33
Invok: Ancestor Identity |       |     1 ||     1
  Use: Scroll            |     5 |     1 ||     6
       Potion            |     1 |     2 ||     3
  Eat: Chunk             |    17 |     7 ||    24
Armor: Robe              |    62 |    21 ||    83
Dodge: Dodged            |    71 |    25 ||    96
Block: Shield            |    87 |    28 ||   115
